[Event "Early-Titled-Tuesday-Blitz-March-19-2024"]
[Site "Chess.com"]
[Date "2024.03.19"]
[Round "1"]
[White "guillembaches"]
[Black "Anton_Demchenko"]
[Result "1/2-1/2"]
[WhiteElo "2561"]
[BlackElo "3012"]
[TimeControl "180+1"]
[EndTime "8:08:31 PDT"]
[Termination "Game drawn by repetition"]

1. d4 Nf6 2. Nf3 g6 3. Bg5 Bg7 4.
Nbd2 O-O 5. c3 d6 6. e3 h6 7. Bh4 g5 8. Bg3 Bf5 9. Qb3 Nbd7 10. Be2 c5 11. O-O Qb6 12. Qa3 Rfc8 13. Rfc1 a6 14. b4 cxb4 15. cxb4 Nh5 16. Nc4 Qa7 17.
Na5 Ndf6 18. Nd2 Nxg3 19. hxg3 d5 20. Bd3 Bd7 21. Rxc8+ Rxc8 22. Rc1 Qb8 23. Nab3 Rxc1+ 24. Qxc1 e5 25. dxe5 Qxe5 26. Nd4 Ng4 27. N2f3 Qd6 28. a3 Ne5 29. Be2 g4 30. Nh4 Bf8 31. Nhf5 Qf6 32. Qc2 h5 33. f4 gxf3 34. gxf3 b5 35. Kf2 Nc4 36. Bxc4 dxc4 37. Qe4 Be6 38. Nxe6 Qxe6 39. Qf4 Qf6 40. Qe4 c3 41. Nd4 Qd6 42. Qc2 Qc7 43.
Nf5 Bg7 44. e4 Qc4 45. Ne3 Bd4 46. f4 Qc6 47. Kf3 Bxe3 48. Kxe3 Qc4 49. e5 Qc6 50. Qf5 Kf8 51. Qg5 Ke8 52. Qg8+ Ke7 53. Qg5+ Kd7 54. Qf5+ Kd8 55. Qd3+ Kc7 56. Qc2 Kb6 57. Kd4 Qc4+ 58. Ke3 a5 59. bxa5+ Kxa5 60. f5 Qc5+ 61. Kf4 b4 62.
axb4+ Qxb4+ 63. Ke3 Qc5+ 64. Kd3 Kb4 65. Qb1+ Ka3 66.
Qa1+ Kb3 67. Qb1+ Ka3 68. Qa1+ Kb4 69. Qb1+ Ka3 1/2-1/2

[Event "Early-Titled-Tuesday-Blitz-March-19-2024"]
[Site "Chess.com"]
[Date "2024.03.19"]
[Round "1"]
[White "JoliyRoger"]
[Black "kassablanca"]
[Result "1/2-1/2"]
[WhiteElo "2435"]
[BlackElo "2776"]
[TimeControl "180+1"]
[EndTime "8:08:34 PDT"]
[Termination "Game drawn by repetition"]

1. d4 d5 2. Nf3 Nf6 3. c4 e6 4.
Nc3 a6 5. e3 Nbd7 6. b3 c5 7.
cxd5 exd5 8. Bb2 b5 9. dxc5 Nxc5 10. Be2 Be7 11. O-O O-O 12. Rc1 Bb7 13. Nd4 Re8 14. Bf3 Bf8 15. Nce2 Nce4 16. Ng3 Qb6 17. Bxe4 dxe4 18. Nh5 Nxh5 19. Qxh5 Qg6 20. Qxg6 hxg6 21. Rc7 Rab8 22. Rfc1 Rec8 23. Rxc8 Rxc8 24. Rxc8 Bxc8 25. a3 Bd7 26. b4 f6 27. h4 Kf7 28. Kf1 Ke7 29.
Ke1 Kd6 30. g3 Kd5 31. Kd2 Kc4 32. Kc2 Bd6 33. Nb3 Bc8 34. Nd2+ Kd5 35. Bd4 Bg4 36. Nb1 Kc6 37. Nd2 Kd5 38. Nb1 Bf5 39. Kc3 Bh3 40. Nd2 Bg2 41. Nb3 Bf1 42. Bc5 Be5+ 43. Bd4 Bc7 44. Nd2 Bh3 45. Nb3 Bc8 46. Bc5 Ke6 47.
Nd4+ Kf7 48. Ne2 g5 49. hxg5 fxg5 50. Kd4 Bb7 51. Nc3 Ke6 52. Nxe4 Be5+ 53. Kd3 Kf5 54. Nd6+ Bxd6 55. Bxd6 g4 56. Kd4 g6 57. Bf4 Bg2 58. Be5 Bf1 59. Bb8 Bg2 60. Bc7 Bf3 61. Bd8 Bg2 62. Be7 Bf3 63. Bd6 Bg2 64. Kd3 Bf3 65. Kc3 Ke4 66. Bb8 Bd1 67. Kd2 Ba4 68. Ke2 Bb3 69. Kd2 Bc4 70. Bf4 Kf3 71. Kc3 Kxf2 72.
a4 Kf3 73. axb5 axb5 74. Kd4 g5 75. Bc7 Bb3 76. Bd6 Bc2 77. Bc7 Bb1 78. Bd6 Bg6 79. Bc7 Bb1 80. Bd6 Bc2 81. Bc7 Bb1 1/2-1/2

[Event "Early-Titled-Tuesday-Blitz-March-19-2024"]
[Site "Chess.com"]
[Date "2024.03.19"]
[Round "1"]
[White "UK_23"]
[Black "Korchmar_Vasiliy"]
[Result "1-0"]
[WhiteElo "2364"]
[BlackElo "2678"]
[TimeControl "180+1"]
[EndTime "8:08:37 PDT"]
[Termination "UK_23 won on time"]

1. e4 c5 2. Nf3 d6 3. d4 cxd4 4. Qxd4 Nc6 5. Qe3 Nf6 6. Be2 g6 7. O-O Bg7 8. h3 O-O 9. Rd1 Nd7 10. c4 Qb6 11. Qd2 Nc5 12. Nc3 Bxc3 13. bxc3 Nxe4 14. Qe1 Re8 15. Bh6 Qa5 16. Rac1 Be6 17. Nd4 Nxd4 18. Rxd4 Nf6 19. Bf3 Qxa2 20. Bxb7 Rab8 21. Bd5 Bxd5 22. cxd5 e5 23. dxe6 Rxe6 24. Qd1 Ne4 25. Qf3 d5 26. Qf4 Rbe8 27. c4 g5 28. Bxg5 dxc4 29. Rd7 Nxg5 30. Qxg5+ Rg6 31. Qf4 c3 32. Rxc3 a5 33. Rcc7 Rf8 34.
Ra7 Rg7 35. Kh2 Qe6 36. Re7 Qc6 37. g3 Qc2 38. Rxa5 Qc8 39. Rg5 Qc3 40. Rxg7+ Qxg7 41. Re5 h6 42. Re4 Kh7 43. Qf3 Rg8 44. Rg4 Qf8 45.
Qf5+ Kh8 46. Qf6+ Kh7 47. Qf5+ Kh8 48. Rxg8+ Qxg8 49. Qf6+ Kh7 50. h4 Qf8 51. Qf5+ Kg7 52. Kg2 Qe8 53. Qg4+ Kh7 54. Qf4 Kg7 55. Qf3 Kg8 56.
g4 Qe6 57. Kg3 Qe5+ 58. Qf4 Qc3+ 59. f3 Kg7 60. g5 Qe1+ 61. Kg2 Qe2+ 62. Kg3 Qe1+ 63.
Kh2 Qe2+ 64. Kh3 Qf1+ 65. Kg4 Qg2+ 66. Kh5 Kf8 67. Qf6 hxg5 68. Qxg5 Qxf3+ 69. Qg4 1-0

[Event "Early-Titled-Tuesday-Blitz-March-19-2024"]
[Site "Chess.com"]
[Date "2024.03.19"]
[Round "1"]
[White "diamonds13"]
[Black "profedechess93"]
[Result "1-0"]
[WhiteElo "2336"]
[BlackElo "2652"]
[TimeControl "180+1"]
[EndTime "8:08:37 PDT"]
[Termination "diamonds13 won by resignation"]

1. d4 d5 2. c4 c6 3. cxd5 cxd5 4.
Bf4 Nf6 5. Nc3 Nc6 6. e3 a6 7.
Bd3 e6 8. h3 Bd6 9. Nge2 b5 10.
a4 b4 11. Nb1 Bb7 12. Nd2 e5 13. dxe5 Nxe5 14. Bxe5 Bxe5 15. Qb1 d4 16. e4 Nh5 17.
g3 O-O 18. f4 Nxg3 19. Nxg3 Bxf4 20. Ngf1 Qh4+ 21. Kd1 f5 22. Qa2+ Kh8 23. Qc4 fxe4 24. Bxe4 Bxe4 25. Nxe4 Rae8 26. Qd3 Qh5+ 27. Kc2 Qg6 28.
Re1 Qc6+ 29. Kb1 Qxa4 30. Nfd2 b3 31. Qxb3 Qc6 32. Qd3 Rb8 33. Rc1 Qb7 34. Rc2 Rfd8 35. Nc5 Qxh1+ 36. Rc1 Qd5 37. Nce4 Bxd2 38. Nxd2 Rdc8 39.
Rg1 a5 40. Qg3 g6 41. Re1 Qf5+ 42. Ne4 a4 43. Ka1 Rb3 44. Qd6 Rd3 45. Qa6 a3 46. Qxd3 axb2+ 47. Kb1 Rd8 48. Rf1 Qa5 49. Nf6 Qa1+ 50.
Kc2 Rc8+ 51. Kd2 Qa5+ 52. Ke2 Qe5+ 53. Kd2 Qa5+ 54. Ke2 Qe5+ 55. Ne4 Rc1 56. Rf8+ Kg7 57. Rb8 Qh2+ 58. Nf2 b1=Q 59. Rxb1 Rc7 60. Qxd4+ Kh6 61. Rb3 Re7+ 62. Re3 Rf7 63. Qe4 Qh1 64. Rf3 Re7 65. Qxe7 Qh2 66. Qh4+ 1-0

[Event "Early-Titled-Tuesday-Blitz-March-19-2024"]
[Site "Chess.com"]
[Date "2024.03.19"]
[Round "1"]
[White "RianKapriaga"]
[Black "RoelandPruijssers"]
[Result "0-1"]
[WhiteElo "2340"]
[BlackElo "2677"]
[TimeControl "180+1"]
[EndTime "8:08:38 PDT"]
[Termination "RoelandPruijssers won by checkmate"]

1. d4 Nf6 2. Bf4 g6 3. Nc3 d5 4.
e3 Bg7 5. h4 h5 6. Nh3 Bxh3 7. Rxh3 c6 8. Bd3 Nbd7 9. Qd2 O-O 10.
e4 Nxe4 11. Nxe4 dxe4 12. Bxe4 e5 13. dxe5 Nxe5 14. O-O-O Nc4 15. Qxd8 Bxb2+ 16. Kb1 Raxd8 17. Rhd3 Bf6 18. g3 Na3+ 19. Kc1 Nb5 20. Bg5 Rxd3 21.
Rxd3 Kg7 22. Bxf6+ Kxf6 23. f4 Re8 24. Bf3 Re1+ 25.
Kd2 Re6 26. Kc1 Rd6 27. Re3 Nd4 28. Bd1 Nf5 29. Rb3 b5 30. a4 bxa4 31. Ra3 Rd4 32. c3 Rd7 33. c4 Rd4 34. Rc3 c5 35. Bxa4 Re4 36. Bc2 Re3 37. Rxe3 Nxe3 38. Be4 Nxc4 39. Kc2 Nd6 40. Bd3 c4 41. Be2 Ne4 42. Bxc4 Nxg3 43.
Bd3 Nf5 44. Kd2 Nxh4 45. Ke3 Nf5+ 46. Kf3 Nd4+ 47. Kg3 Ne6 48. Kh4 Nxf4 49. Be4 g5+ 50. Kg3 Ke5 51. Kh2 Kxe4 52. Kh1 g4 53. Kh2 Kf3 54.
Kg1 a5 55. Kf1 g3 56. Ke1 h4 57. Kd2 h3 58. Kc3 h2 59. Kd4 h1=Q 60. Ke5 Qh5+ 61. Kf6 a4 62. Ke7 f5 63. Kf8 Qh7 64. Ke8 Nd5 65.
Kd8 Qe7+ 66. Kc8 a3 67. Kb8 a2 68. Ka8 a1=Q+ 69. Kb8 Qh1 70. Kc8 g2 71. Kb8 g1=Q 72. Kc8 Qgg7 73. Kb8 Qb1+ 74. Ka8 Qbb7# 0-1

[Event "Early-Titled-Tuesday-Blitz-March-19-2024"]
[Site "Chess.com"]
[Date "2024.03.19"]
[Round "1"]
[White "ketster"]
[Black "Rud_Makarian"]
[Result "0-1"]
[WhiteElo "2542"]
[BlackElo "2983"]
[TimeControl "180+1"]
[EndTime "8:08:40 PDT"]
[Termination "Rud_Makarian won on time"]

1. d4 Nf6 2. c4 e6 3. Nc3 d5 4. Nf3 dxc4 5. e4 b5 6. e5 Nd5 7. Nxb5 Nb6 8. Nc3 Nc6 9. h4 Bb7 10. h5 Nb4 11. Be3 Qd7 12. Nd2 Nd3+ 13. Bxd3 cxd3 14.
Nde4 Nc4 15. Qxd3 Nxe5 16. Qe2 Nc6 17. h6 O-O-O 18. Rd1 f5 19. Nc5 Bxc5 20. dxc5 Qf7 21. O-O gxh6 22. f3 f4 23. Bf2 Rdg8 24. Ne4 Ne5 25.
Bd4 Qf5 26. Rb1 Rg6 27. Rbc1 Rhg8 28. Bxe5 Qxe5 29. Nd6+ cxd6 30. cxd6+ Kb8 31. Qxe5 Rxg2+ 32. Kh1 R2g5 33. Qxf4 Rh5+ 34. Qh2 Rxh2+ 35. Kxh2 Rd8 36.
Rcd1 Bd5 37. Rg1 Rxd6 38. Rg7 Rc6 39. Rd2 a5 40. Rxh7 Rc7 41. Rxc7 Kxc7 42. f4 Bxa2 43.
Kg3 Bd5 44. Kg4 Kd6 45. Kh5 Kc5 46. Kxh6 Be4 47. Kg5 Bf5 48. Kf6 Kb4 49. Ke5 a4 50. Kd4 Kb3 51. Rh2 Bc2 52. Ke5 Kxb2 53. Kxe6 a3 54. Rh8 a2 55. Rb8+ Bb3+ 56. Rxb3+ Kxb3 57. f5 a1=Q 58. f6 Qa8 59. Kf7 Qb7+ 60. Kg6 Qc8 61.
Kg7 Qg4+ 62. Kf8 Qc8+ 63. Kg7 Qc3 64. Kg6 Qe5 65. f7 Qh8 66. Kf5 Qf8 67. Ke6 Kc4 0-1

[Event "Early-Titled-Tuesday-Blitz-March-19-2024"]
[Site "Chess.com"]
[Date "2024.03.19"]
[Round "1"]
[White "FormerProdigy"]
[Black "StankovicIvan"]
[Result "1/2-1/2"]
[WhiteElo "2958"]
[BlackElo "2541"]
[TimeControl "180+1"]
[EndTime "8:08:40 PDT"]
[Termination "Game drawn by agreement"]

1. e3 g6 2. Nf3 Bg7 3. d4 Nf6 4. c4 O-O 5. Be2 d6 6. O-O Nbd7 7. Nc3 e5 8. Qc2 Re8 9. b4 c6 10. Rb1 e4 11. Nd2 Qe7 12. a4 h5 13. Re1 Nf8 14.
Ba3 h4 15. h3 N8h7 16. b5 Ng5 17. Bf1 Bf5 18. bxc6 bxc6 19. a5 Qd7 20. Kh2 c5 21. dxc5 dxc5 22. Bxc5 Qc7+ 23. Kh1 Qxc5 24. Nb3 Qe5 25. Nd4 Bf8 26. Rb5 Bc5 27. Na4 Rac8 28. Nb3 Ne6 29. Rd1 a6 30. Rxc5 Nxc5 31. Naxc5 Rxc5 32. Nxc5 Qxc5 33. Qc3 Qe5 34. Qxe5 Rxe5 35. Rd6 Nd7 36. Rxa6 Kg7 37. g4 hxg3 38. fxg3 Be6 39.
g4 Rc5 40. Ra7 Ne5 41. a6 Bxc4 42. Bg2 Bd3 43. Ra8 Ra5 44. a7 Nc6 45. Re8 Rxa7 46.
Bxe4 Bxe4+ 47. Rxe4 Re7 48. Rc4 Ne5 49. Rc3 Nf3 50.
Kg2 Ng5 51. h4 Ne4 52. Rc6 Nf6 53. Kf3 Nd5 54. e4 Nf6 55. Rc4 Nd7 56. Kf4 Ne5 57.
Rd4 f6 58. g5 Nf7 59. gxf6+ Kxf6 60. Ra4 Re6 61. Ra5 Rb6 62. e5+ Ke6 63. Ra4 Nxe5 64. Re4 Rb5 65. Kg5 Kd5 66. Ra4 Rb6 67. h5 Nf3+ 68.
Kf4 gxh5 69. Kxf3 Rh6 70. Ra5+ Kc4 71. Ra4+ Kb3 72. Rh4 Rh8 73. Kg3 Kc3 1/2-1/2

[Event "Early-Titled-Tuesday-Blitz-March-19-2024"]
[Site "Chess.com"]
[Date "2024.03.19"]
[Round "1"]
[White "jocmil"]
[Black "Levanzovsky"]
[Result "1/2-1/2"]
[WhiteElo "2769"]
[BlackElo "2431"]
[TimeControl "180+1"]
[EndTime "8:08:40 PDT"]
[Termination "Game drawn by stalemate"]

1. d4 d5 2. Bf4 Nf6 3. Nc3 c5 4. e4 cxd4 5. Qxd4 Nc6 6. Bb5 Bd7 7. Bxc6 Bxc6 8. e5 Ne4 9. Nge2 e6 10. Nxe4 dxe4 11.
O-O-O Qa5 12. a3 Bc5 13. Qc3 Qxc3 14. Nxc3 Bxf2 15. Bg3 e3 16. Bxf2 exf2 17. Rhf1 Bxg2 18. Rxf2 Bc6 19. b4 a6 20. Kb2 O-O 21. Rfd2 Rfc8 22.
a4 Kf8 23. Kb3 Ke7 24. b5 axb5 25. axb5 Bf3 26. Rd7+ Ke8 27. R1d3 Bd5+ 28. Nxd5 Kxd7 29. Nb6+ Kc7 30. Nxa8+ Rxa8 31. Rf3 Rf8 32. Kb4 f5 33. exf6 gxf6 34. Re3 e5 35. c4 Kd6 36. Rd3+ Ke6 37. Kc5 Rc8+ 38. Kb4 e4 39. Rh3 Rc7 40. c5 f5 41. Kc4 Ke5 42. b6 Rf7 43. c6 bxc6 44. Kc5 Kf4 45. Kxc6 e3 46. Rh6 e2 47. Re6 Rf6 48. Rxf6 e1=Q 49. b7 Qc3+ 50. Kd5 Qxf6 51.
b8=Q+ Kg4 52. Qg3+ Kh5 53. Qh3+ Kg6 54. Qg3+ Qg5 55.
Qd6+ Kg7 56. Qd7+ Kg6 57. Qd6+ Qf6 58. Qg3+ Kf7 59. Qc7+ Qe7 60. Qxe7+ Kxe7 61. Ke5 Kf7 62. Kxf5 Kg7 63. Kg5 h6+ 64. Kh5 Kh7 65. h4 Kg7 66. Kg4 Kg6 67. h5+ Kf6 68. Kh4 Kf5 69. Kg3 Kg5 70.
Kh3 Kxh5 71. Kg3 Kg5 72. Kh3 h5 73. Kg3 h4+ 74. Kh3 Kh5 75. Kh2 Kg4 76. Kg2 h3+ 77.
Kh2 Kh4 78. Kh1 Kg3 79. Kg1 h2+ 80. Kh1 Kh3 1/2-1/2

[Event "Early-Titled-Tuesday-Blitz-March-19-2024"]
[Site "Chess.com"]
[Date "2024.03.19"]
[Round "1"]
[White "GameOverBro"]
[Black "Szachulec75"]
[Result "1/2-1/2"]
[WhiteElo "2604"]
[BlackElo "2212"]
[TimeControl "180+1"]
[EndTime "8:08:40 PDT"]
[Termination "Game drawn - insufficient material"]

1. e4 d6 2. d4 Nf6 3. Nc3 c6 4. a4 a5 5. f3 Nbd7 6. Be3 e5 7.
Bc4 Be7 8. Nge2 O-O 9. Qd2 Re8 10. O-O Bf8 11. Rad1 Qc7 12. g4 Nb8 13. Ng3 Na6 14. g5 Nd7 15. h4 Nb4 16. h5 Nb6 17. Bb3 d5 18. dxe5 dxe4 19. Ncxe4 N4d5 20. f4 Bg4 21. Rde1 Nxe3 22. Rxe3 Rad8 23. Rd3 Rxd3 24. cxd3 Nd5 25. g6 Qb6+ 26. Kh2 Qxb3 27. gxf7+ Kxf7 28. Ng5+ Kg8 29. d4 c5 30. f5 Qe3 31. Rf2 Qxd2 32.
Rxd2 cxd4 33. Rxd4 Rxe5 34. Rxg4 Bd6 35. Kg1 Re1+ 36.
Kf2 Rb1 37. N3e4 Rxb2+ 38. Kf3 Be5 39. Ne6 Rb3+ 40. Kf2 Rb2+ 41. Kf3 Kf7 42. N4g5+ Ke7 43. Nxh7 Kf7 44. Ke4 Nf6+ 45. Nxf6 Bxf6 46. Kd5 b5 47. axb5 Rxb5+ 48. Kd6 Rxf5 49. Nf4 Be5+ 50. Kd5 Bxf4+ 51. Ke4 Rf6 52. Rg2 Bc7 53. Rc2 Bb6 54. Rc8 Rh6 55. Rb8 Bf2 56. Kf3 Be1 57. Kg4 Bb4 58. Rb7+ Ke6 59. Rxg7 Ke5 60. Rb7 Kd5 61. Kg5 Rh8 62. Rd7+ Kc6 63. Ra7 Kb5 64. Rb7+ Ka4 65. Kg6 Bc3 66.
Rc7 Kb3 67. Rb7+ Ka4 68. h6 Ka3 69. h7 a4 70. Rc7 Bb2 71. Rb7 Ka2 72. Rb4 a3 73.
Rb7 Ka1 74. Re7 a2 75. Re1+ Bc1 76. Rxc1+ Kb2 77. Rf1 a1=Q 78. Rxa1 Kxa1 79. Kg7 Rxh7+ 80. Kxh7 1/2-1/2

[Event "Early-Titled-Tuesday-Blitz-March-19-2024"]
[Site "Chess.com"]
[Date "2024.03.19"]
[Round "1"]
[White "Kirill_Klukin"]
[Black "JERO-8914"]
[Result "1-0"]
[WhiteElo "2827"]
[BlackElo "2455"]
[TimeControl "180+1"]
[EndTime "8:08:47 PDT"]
[Termination "Kirill_Klukin won on time"]

1. Nf3 Nf6 2. e3 d5 3. c4 e6 4. b3 Be7 5. Bb2 O-O 6. Nc3 c5 7. cxd5 exd5 8. d4 Nc6 9. Be2 Bg4 10. dxc5 Bxc5 11. O-O Be6 12. Rc1 a6 13. Nxd5 Nxd5 14. Rxc5 Nde7 15. Nd4 Nxd4 16. Bxd4 Nc6 17. Bb2 Qb6 18.
Qc1 Rac8 19. Bf3 Nb4 20. Rxc8 Rxc8 21. Qa1 Nc2 22. Qb1 Nb4 23. Bd4 Qa5 24. a4 b5 25.
axb5 axb5 26. Rc1 Rxc1+ 27. Qxc1 Nd3 28. Qf1 Qd2 29. Be2 Nc1 30. Bxb5 Nxb3 31. Be5 Qd5 32.
Bg3 Nd2 33. Qd3 Ne4 34. Qxd5 Bxd5 35. Be5 f6 36. Bd4 Nd6 37. Bd3 Be4 38. Be2 Bd5 39. Bc5 Ne4 40. Bb4 Ng5 41. f3 Nf7 42. Kf2 Ne5 43. Bc3 Nf7 44. e4 Be6 45. Ke3 Nd6 46.
Bb4 Nf7 47. f4 Ba2 48. g4 h6 49. Be7 Be6 50. h4 Bd7 51. g5 hxg5 52. hxg5 fxg5 53.
fxg5 Ne5 54. Bd6 Nc6 55. Bc4+ Kh7 56. Kf4 Nd8 57. Be7 Be6 58. Bb5 Nf7 59. Bb4 Kg6 60.
Be8 Kh7 61. Bc3 Nd6 62. Ke5 Nxe8 63. Kxe6 Kg6 64. Bd2 Nc7+ 65. Kd7 Nb5 66. e5 Nd4 67. e6 Kf5 68. e7 1-0

[Event "Early-Titled-Tuesday-Blitz-March-19-2024"]
[Site "Chess.com"]
[Date "2024.03.19"]
[Round "1"]
[White "Pingah9"]
[Black "Daaksboy"]
[Result "1-0"]
[WhiteElo "2579"]
[BlackElo "1848"]
[TimeControl "180+1"]
[EndTime "8:08:50 PDT"]
[Termination "Pingah9 won by resignation"]

1. e4 c5 2. Nc3 d6 3. g3 g6 4. Bg2 Bg7 5. d3 Nc6 6. Be3 Rb8 7. a4 a6 8. Qd2 b5 9. axb5 axb5 10. Nge2 e6 11. O-O Nd4 12. Nd1 Ne7 13. Nc1 h5 14. c3 Ndc6 15. h3 Qb6 16. Ne2 Na5 17. Qc2 Bd7 18.
d4 Nc4 19. Bg5 cxd4 20. Bxe7 dxc3 21. Ndxc3 Kxe7 22. Nf4 Qc5 23. b4 Qd4 24. Nce2 Qd2 25. Qb1 Bxa1 26. Qxa1 Qb2 27. Qd1 Qxb4 28. Qd4 Qc5 29.
Nxg6+ fxg6 30. Qg7+ Kd8 31. Qxh8+ Kc7 32. Qg7 b4 33. Qxg6 b3 34. Nc3 Qd4 35. Nb1 b2 36. Qxh5 Nd2 37. Qd1 Bb5 38. Qc2+ Nc4 39. Rd1 Qc5 40. e5 d5 41. Qh7+ Kb6 42. h4 Ba4 43. Re1 Qb4 44. Rf1 Nd2 45. Nxd2 Qxd2 46. Qg6 Re8 47.
Rb1 Rf8 48. Qxe6+ Ka5 49. Qxd5+ Qxd5 50. Bxd5 Rb8 51. Be4 Rb4 52. f3 Bb5 53. Kf2 Ka4 54. Ke3 Ka3 55. h5 Ka2 56. Rxb2+ Kxb2 57. h6 Ba4 58. h7 Rb8 59. g4 Kc3 60. g5 Bd7 61.
g6 Be6 62. g7 Kc4 63. h8=Q Bg8 64. Qh6 Rb3+ 65. Kf4 Kd4 66. Qd6+ Kc3 67. Qc7+ Kb2 68.
Qc2+ Ka3 69. Qc1+ Rb2 70. Qxb2+ Kxb2 71. Kg5 Kc3 72. f4 Kd4 73. Bg6 Be6 74. Kf6 Ba2 75.
Bf7 Bb1 76. g8=Q 1-0

[Event "Early-Titled-Tuesday-Blitz-March-19-2024"]
[Site "Chess.com"]
[Date "2024.03.19"]
[Round "1"]
[White "toninhojit"]
[Black "VitaliyBernadskiy"]
[Result "0-1"]
[WhiteElo "2491"]
[BlackElo "2863"]
[TimeControl "180+1"]
[EndTime "8:08:52 PDT"]
[Termination "VitaliyBernadskiy won by checkmate"]

1. d4 d5 2. c4 e6 3. Nf3 c5 4. e3 Nf6 5. a3 a6 6. Nc3 dxc4 7. Bxc4 b5 8. Bd3 Bb7 9. O-O Nbd7 10.
Qe2 Bd6 11. Rd1 cxd4 12. exd4 O-O 13. Ne5 Qb8 14. Bf4 Rd8 15. Bg3 Nf8 16. Bh4 Be7 17.
Rac1 Ng6 18. Bg3 Bd6 19. h4 Ne7 20. h5 h6 21. Bh4 Nf5 22. Bxf5 exf5 23. Bxf6 gxf6 24.
Nf3 Bf4 25. Rb1 Re8 26. Qf1 Bxf3 27. gxf3 Kh8 28. Kh1 Rg8 29. Qh3 Rg5 30. Rg1 Qb7 31. d5 Rag8 32. Rxg5 Rxg5 33. Rg1 Qc8 34. Rxg5 hxg5 35.
Ne4 Qc1+ 36. Kg2 fxe4 37. fxe4 Qxb2 38. Qd7 Qe5 39. Qd8+ Kg7 40. h6+ Kh7 41. Qf8 Qxe4+ 42. Kg1 Qg6 43. d6 Bxd6 44. Qxd6 Kxh6 45. Qxa6 Qf5 46.
Qb7 Kg7 47. Qc6 Qe5 48. Qc2 f5 49. Qb3 g4 50. Kg2 Kg6 51. Kg1 Qe1+ 52. Kg2 Qe4+ 53.
Kg1 f4 54. Qc3 Qf5 55. Qh8 f3 56. Qg8+ Kf6 57. Qd8+ Ke5 58. Qc7+ Ke4 59. Qc2+ Ke5 60. Qc3+ Ke6 61. Qc8+ Kf6 62. Qd8+ Kg7 63. Qd4+ f6 64. Qa7+ Kg6 65. Qa8 Qe5 66. Qg8+ Kh5 67. Qf7+ Kg5 68. Qg7+ Kf4 69. Qd7 Qe1+ 70. Kh2 Qxf2+ 71. Kh1 Qg2# 0-1

[Event "Early-Titled-Tuesday-Blitz-March-19-2024"]
[Site "Chess.com"]
[Date "2024.03.19"]
[Round "1"]
[White "Winner_7777"]
[Black "ChessFanNM"]
[Result "1-0"]
[WhiteElo "2636"]
[BlackElo "2262"]
[TimeControl "180+1"]
[EndTime "8:08:53 PDT"]
[Termination "Winner_7777 won on time"]

1. d4 d5 2. c4 e6 3. Nc3 Nf6 4. cxd5 exd5 5. Bg5 c6 6. e3 Bf5 7. Qf3 Bg6 8. Bxf6 Qxf6 9. Qxf6 gxf6 10. h4 h6 11. Nh3 Bd6 12. O-O-O Nd7 13. Ne2 b5 14. Nef4 Nb6 15. g4 Be4 16. Rg1 a5 17. Be2 a4 18. f3 Bh7 19. Bd3 Bxd3 20. Rxd3 Kd7 21. Nh5 Be7 22. Ng7 Nc4 23. e4 Nd6 24. exd5 cxd5 25.
Nf4 Rhg8 26. Ngh5 f5 27. Nxd5 Bxh4 28. Nhf6+ Kc6 29. Ne7+ Kb7 30. Nexg8 Rd8 31. Re1 Bg5+ 32. Kb1 Nc4 33. Re7+ Ka6 34. b3 Na3+ 35. Kb2 b4 36. bxa4 Rc8 37. Rxa3 Bc1+ 38. Kb3 Bxa3 39. Re3 Rc1 40.
Ne7 Rb1+ 41. Kc4 Ra1 42. Rb3 Rc1+ 43. Kd3 Ra1 44. Nfd5 Rxa2 45. Nxb4+ Bxb4 46. Rxb4 Ra3+ 47. Ke2 f4 48. Nd5 Ka5 49. Rb7 Ra2+ 50. Kf1 Ra1+ 51. Kg2 Ra2+ 52. Kg1 Ra1+ 53. Kh2 Rf1 54. Nxf4 Rxf3 55.
Rxf7 Rf2+ 56. Kg3 Rf1 57. Ra7+ Kb4 58. d5 Kc5 59. Rc7+ Kb6 60. Rc6+ Kb7 61. Rxh6 Rg1+ 62. Kf3 Rf1+ 63. Ke4 Re1+ 64. Kf5 Rf1 65. d6 Kc6 66. g5 Rg1 67. Re6 Rf1 68. g6 1-0

[Event "Early-Titled-Tuesday-Blitz-March-19-2024"]
[Site "Chess.com"]
[Date "2024.03.19"]
[Round "1"]
[White "AnishOnYoutube"]
[Black "chess123456s"]
[Result "1-0"]
[WhiteElo "3038"]
[BlackElo "2556"]
[TimeControl "180+1"]
[EndTime "8:08:55 PDT"]
[Termination "AnishOnYoutube won by checkmate"]

1. Nf3 d5 2. d4 Nf6 3. c4 c6 4. Nc3 e6 5. e3 Nbd7 6. Be2 Bd6 7. O-O O-O 8. b3 b6 9. Bb2 Bb7 10. Bd3 Rc8 11. Qe2 c5 12. cxd5 exd5 13. Rfd1 Re8 14. Ba6 Bxa6 15. Qxa6 Bb8 16. dxc5 Nxc5 17. Qe2 Qd6 18. Nb5 Qe7 19. Rac1 Red8 20. h3 Nce4 21. Nbd4 Qd6 22. Nf5 Qd7 23. N3d4 Be5 24. Nh4 Rxc1 25. Rxc1 Rc8 26. Rd1 g6 27. Nhf3 Bxd4 28. Bxd4 Nc3 29. Bxc3 Rxc3 30. Nd4 Kg7 31. Qb2 Rc8 32. Ne2 Qd6 33.
Nf4 Kg8 34. g3 Rd8 35. Qd4 h5 36. Kg2 Qc6 37. Rd3 Qd6 38. Rc3 Ne4 39. Rc1 Nc5 40. Rd1 Ne6 41. Nxe6 Qxe6 42. e4 Qd6 43. exd5 Re8 44.
Rc1 Rd8 45. Rd1 Re8 46. Rd2 Re7 47. h4 Rd7 48. Kf3 Rd8 49. Qf4 Qc5 50. Qe5 Qc1 51. Qd4 Qh1+ 52. Kf4 Qe1 53. d6 Qe6 54. d7 f6 55. Kf3 Kf7 56. Kg2 Ke7 57. Qb4+ Kf7 58. Rd6 Qe7 59. Qc4+ Kg7 60. Qd5 Qf8 61. b4 Qe7 62. a4 Qf7 63. Qd4 Qe7 64. a5 bxa5 65. bxa5 Kf7 66. Qd5+ Kg7 67. a6 Qf7 68. Qd4 Qe7 69.
Kf1 Qf7 70. Rd5 Qe6 71. Rd6 Qe7 72. Kg2 Qf7 73. Qxa7 Qc4 74. Qd4 Qb5 75. Qxf6+ Kh7 76. Qxg6+ Kh8 77. Qh6+ Kg8 78. Rg6+ Kf7 79. Qg7# 1-0

[Event "Early-Titled-Tuesday-Blitz-March-19-2024"]
[Site "Chess.com"]
[Date "2024.03.19"]
[Round "1"]
[White "NelsonLinda"]
[Black "AndresDelgado77"]
[Result "1/2-1/2"]
[WhiteElo "2649"]
[BlackElo "2310"]
[TimeControl "180+1"]
[EndTime "8:08:56 PDT"]
[Termination "Game drawn by stalemate"]

1. b3 d5 2. Bb2 Bf5 3. d3 e6 4.
Nd2 Nf6 5. g3 c6 6. Bg2 Be7 7.
e4 dxe4 8. dxe4 Bg6 9. Nh3 O-O 10. Nf4 Nbd7 11. O-O e5 12. Nxg6 hxg6 13. Nc4 Qc7 14.
a4 b5 15. axb5 cxb5 16. Ne3 Rfc8 17. Qe2 a6 18. Rfc1 Nc5 19. Nd5 Nxd5 20. exd5 Bd6 21.
h4 Re8 22. h5 gxh5 23. Qxh5 e4 24. b4 Na4 25. Bd4 Be5 26. Bxe5 Rxe5 27. Qg4 f5 28. Qg6 Nb6 29. Bh3 Qf7 30. Qxf7+ Kxf7 31. Bf1 Rxd5 32.
c4 bxc4 33. Rxc4 Nxc4 34. Bxc4 Ke6 35. Ra5 Rd8 36. Rxa6+ Ke5 37. Bxd5 Rxd5 38. Ra7 Rb5 39. Ra5 Rxa5 40. bxa5 Kd6 41. Kf1 g5 42. Ke2 f4 43.
g4 Kc5 44. Kd2 Kb5 45. Kc3 Kxa5 46. Kd4 e3 47. fxe3 f3 48. Kd3 Kb4 49. e4 Kc5 50.
Ke3 Kd6 51. Kxf3 Ke6 52. Ke2 Kd6 53. Kd3 Kc5 54. Ke3 Kc4 55. e5 Kd5 56. e6 Kxe6 57.
Ke4 Kf6 58. Kd5 Kf7 59. Ke5 Kg7 60. Kf5 Kh6 61. Kf6 Kh7 62. Kxg5 Kg7 63. Kf5 Kf7 64. g5 Kg7 65. g6 Kg8 66. Kf6 Kf8 67.
Kg5 Kg7 68. Kh5 Kg8 69. Kg4 Kf8 70. Kg5 Kg7 71. Kf5 Kg8 72. Kf6 Kf8 73. g7+ Kg8 74. Kg6 1/2-1/2

[Event "Early-Titled-Tuesday-Blitz-March-19-2024"]
[Site "Chess.com"]
[Date "2024.03.19"]
[Round "1"]
[White "Preobrazhenska_D2011"]
[Black "mbojan"]
[Result "1-0"]
[WhiteElo "2460"]
[BlackElo "2793"]
[TimeControl "180+1"]
[EndTime "8:08:58 PDT"]
[Termination "Preobrazhenska_D2011 won by checkmate"]

1. e4 a6 2. d4 e6 3. Nf3 d5 4. e5 c5 5. c3 Bd7 6. Bd3 cxd4 7. cxd4 Bb5 8. O-O Nc6 9. Nc3 Bxd3 10. Qxd3 Nge7 11.
a3 Nf5 12. b4 Be7 13. Bb2 O-O 14. Rac1 Rc8 15. Ne2 Nh4 16. Nxh4 Bxh4 17. f4 f5 18.
exf6 Bxf6 19. f5 Qd7 20. fxe6 Qxe6 21. Nf4 Qe4 22. Qxe4 dxe4 23. Nd5 Bg5 24. Rcd1 Rcd8 25. Rxf8+ Kxf8 26. Nc7 Be3+ 27. Kf1 Rd7 28. Ke2 Bh6 29.
Ne6+ Kf7 30. d5 Ne7 31. Rf1+ Nf5 32. Rxf5+ Ke7 33. Bxg7 Bxg7 34. Nxg7 Rc7 35. Ke3 Rc2 36. Rf2 Rc3+ 37. Kxe4 Rxa3 38. Nf5+ Kd7 39. Nd4 Ke7 40. Re2 Ra4 41. Nf5+ Kd7 42. Rb2 a5 43. Ke5 axb4 44. Nd6 b3 45. Nxb7 Ra2 46. Nc5+ Kd8 47. Rxb3 Rxg2 48.
Rb8+ Kc7 49. Na6+ Kd7 50. Rb7+ Kc8 51. Rc7+ Kd8 52. d6 Rxh2 53. Ra7 Re2+ 54. Kd4 Rd2+ 55. Kc5 Rc2+ 56. Kb5 Rb2+ 57. Kc6 Ke8 58. Ra8+ Kf7 59. d7 Rd2 60. d8=Q Rxd8 61. Rxd8 h5 62. Rd7+ Kg6 63. Kd5 h4 64. Ke4 Kg5 65. Kf3 h3 66. Rd2 h2 67.
Rxh2 Kf5 68. Rg2 Ke5 69. Rg4 Kd5 70. Re4 Kd6 71. Nb4 Kc5 72. Ke3 Kd6 73. Kd4 Kd7 74.
Kd5 Kc7 75. Re6 Kd7 76. Rc6 Ke7 77. Nd3 Kf7 78. Ne5+ Ke7 79. Re6+ Kd8 80. Kd6 Kc8 81. Kc6 Kb8 82. Rh6 Kc8 83. Rh8# 1-0